 Dungeon Crawl Stone Soup version 0.31-a0-700-gf13585253f (webtiles) character file.

Game seed: 7720552116657561944

47111 ytrimaz the Mimic (level 14, -1/132 HPs)
             Began as a Green Draconian Shapeshifter on Sept 7, 2023.
             Was a Follower of Uskayaw.
             Slain by a komodo dragon (11 damage)
             ... while petrified by a basilisk
             ... on level 5 of the Lair of Beasts.
             The game lasted 00:20:45 (18119 turns).

ytrimaz the Mimic (Green Draconian Shapeshifter)   Turns: 18119, Time: 00:20:46

Health: -1/132     AC: 15    Str: 16    XL:     14   Next: 7%
Magic:  20/20      EV:  2    Int: 13    God:    Uskayaw [*.....]
Gold:   1052       SH:  0    Dex: 14    Spells: 13/13 levels left

rFire   + .          .
                       - Unarmed
rCold   . . .        (shield currently unavailable)
rNeg    + + +        (body armour unavailable)
rPois   ∞            O - +1 hat
rElec   .            (no cloak)
rCorr   .            A - melded +0 pair of gloves
SInv    .            y - +1 pair of boots
Will    ++...        J - amulet "Ysoe" {Faith rF+}
Stlth   +            i - +4 ring of protection
HPRegen 0.42/turn    M - ring of willpower
MPRegen 0.17/turn

%: faith
@: blade hands, petrified
A: breathe noxious fumes, AC +8, unfitting armour, stinger 1, poison resistance,
cold-blooded
a: Breathe Noxious Fumes, Begin Untransformation, Renounce Religion, Stomp


You were on level 5 of the Lair of Beasts.
You worshipped Uskayaw.
Uskayaw was aware of your devotion.
You had blades for hands.
You visited 4 branches of the dungeon, and saw 18 of its levels.
You also visited: Sewer.

You collected 1052 gold pieces.


Innate Abilities, Weirdness & Mutations

You have blades for hands.
You are incapable of wielding weapons or throwing items.
You can breathe blasts of noxious fumes.
Your lurid green scales are hard. (AC +8)
You cannot fit into any form of body armour.
Your tail ends in a venomous barb.
Your system is resistant to poisons. (rPois)
You are cold-blooded and may be slowed by cold attacks.


   Skills:
 + Level 14.0 Fighting
 + Level 6.5 Dodging
 - Level 10.0 Unarmed Combat
 - Level 9.0 Invocations
 + Level 14.9 Shapeshifting


You had 13 spell levels left.
You didn't know any spells.
Your spell library contained the following spells:

 Spells                   Type           Power      Damage    Failure   Level
 Magic Dart               Conj           0%         1d3       30%         1
 Sandblast                Erth           0%         2d4       30%         1
 Passwall                 Tmut/Erth      0%         N/A       43%         2
 Searing Ray              Conj           0%         2d4       43%         2
 Static Discharge         Conj/Air       0%         2-2/arc   43%         2
 Call Canine Familiar     Summ           0%         N/A       67%         3
 Dazzling Flash           Conj/Hex       0%         N/A       67%         3
 Frozen Ramparts          Ice            0%         1d1       67%         3
 Sigil of Binding         Hex            0%         N/A       67%         3
 Stone Arrow              Conj/Erth      0%         3d7       67%         3
 Volatile Blastmotes      Fire/Tloc      0%         2d10      67%         3
 Airstrike                Air            0%         2d(0-16)  97%         4
 Dimensional Bullseye     Hex/Tloc       0%         N/A       97%         4
 Fulminant Prism          Conj/Hex       0%         3d5       97%         4
 Leda's Liquefaction      Hex/Erth       0%         N/A       97%         4
 Manifold Assault         Tloc           0%         N/A       97%         4
 Petrify                  Tmut/Erth      0%         N/A       97%         4
 Summon Lightning Spire   Summ/Air       0%         N/A       97%         4
 Vhi's Electric Charge    Tloc/Air       0%         N/A       97%         4
 Arcjolt                  Conj/Air       0%         1d10      100%        5
 Lee's Rapid Deconstruct  Erth           0%         3d4*      100%        5
 Metabolic Englaciation   Hex/Ice        0%         N/A       100%        5
 Summon Forest            Summ/Tloc      0%         N/A       100%        5
 Summon Mana Viper        Hex/Summ       0%         N/A       100%        5
 Dispersal                Tloc           0%         N/A       100%        6
 Leda's Unmaking          Conj/Erth      0%         9d1       100%        6
 Plasma Beam              Fire/Air       0%         2x1d10    100%        6
 Starburst                Conj/Fire      0%         6d3       100%        6
 Summon Cactus Giant      Summ           0%         N/A       100%        6
 Disjunction              Tloc           0%         N/A       100%        8
 Maxwell's Capacitive Co  Air            0%         ∞         100%        8

Inventory:

Armour
 y - a +1 pair of boots (worn)
   (You found it on level 4 of the Dungeon)
 A - a +0 pair of gloves (melded)
   (You found it on level 4 of the Dungeon)
 O - a +1 hat (worn)
   (You found it on level 4 of the Lair of Beasts)
Jewellery
 e - an amulet of faith
   (You found it on level 1 of the Dungeon)
 i - a +4 ring of protection (left blade hand)
   (You found it on level 1 of the Dungeon)
 j - an amulet of guardian spirit
   (You found it on level 9 of the Dungeon)
 l - an amulet of reflection
   (You found it on level 2 of the Dungeon)
 n - a ring of wizardry
   (You found it on level 2 of the Dungeon)
 o - a ring of ice
   (You found it on level 2 of the Dungeon)
 v - a +6 ring of intelligence
   (You found it on level 3 of the Dungeon)
 z - a ring of fire
   (You found it on level 4 of the Dungeon)
 H - a +6 ring of intelligence
   (You found it on level 1 of the Lair of Beasts)
 J - the amulet "Ysoe" (around neck) {Faith rF+}
   (You found it on level 1 of the Lair of Beasts)

   [amulet of faith]

   Faith:     It allows you to gain divine favour quickly.
   rF+:       It protects you from fire.
 M - a ring of willpower (right blade hand)
   (You found it on level 2 of the Lair of Beasts)
 R - a ring of protection from cold
   (You found it on level 5 of the Lair of Beasts)
Talismans
 b - a beast talisman
 c - a flux talisman
 D - a blade talisman (active)
   (You found it on level 1 of the Lair of Beasts)
 I - a serpent talisman
   (You found it on level 1 of the Lair of Beasts)
Wands
 d - a wand of digging (7)
   (You found it on level 7 of the Dungeon)
 B - a wand of quicksilver (16)
   (You found it on level 4 of the Dungeon)
 E - a wand of flame (22)
   (You found it on level 5 of the Dungeon)
 G - a wand of polymorph (6)
   (You found it on level 6 of the Dungeon)
 P - a wand of iceblast (5)
   (You found it on level 4 of the Lair of Beasts)
 Q - a wand of mindburst (11)
   (You found it on level 4 of the Lair of Beasts)
Scrolls
 f - 2 scrolls of fog
 q - 6 scrolls of teleportation
 r - 6 scrolls of identify
 s - 2 scrolls of amnesia
 u - 4 scrolls of poison
 C - 3 scrolls of enchant weapon
 F - 2 scrolls of noise
 K - a scroll of fear
 L - 4 scrolls of revelation
Potions
 a - 4 potions of lignification
 g - 5 potions of heal wounds
 h - 4 potions of might
 k - 2 potions of mutation
 m - 8 potions of curing
 p - 5 potions of haste
 t - 4 potions of attraction
 w - 5 potions of enlightenment
 x - a potion of brilliance
 N - a potion of ambrosia {unknown}

Dungeon Overview and Level Annotations

Branches:
Dungeon (11/15) Zot: 26857  Temple (1/1) D:5 Zot: 5937    Lair (5/5) D:9 Zot: 22070
  Swamp (0/4) Lair:2        Snake (0/4) Lair:3          Orc (1/2) D:10 Zot: 5998
  Sewer (visited)
  Slime: Lair:4-5

Altars:
Ashenzari
Cheibriados
Dithmenos
Elyvilon
Fedhas
Gozag
Hepliaklqana
Kikubaaqudgha
Makhleb
Nemelex Xobeh
Okawaru
Qazlal
Ru
Sif Muna
Trog
Uskayaw
Vehumet
Wu Jian
Xom
Yredelemnul
Zin
The Shining One

Shops:
D:7 :

Annotations:
D:4 3 runed translucent doors, Age's ghost, weakling MiFi
Lair:4 2 transporters, snackwell's ghost, journeyman DrSh
Lair:5 1 transporter

..................#
...P.#..♣.......÷..
...#.#.÷.P†.P....#
................##
#........♣....###
#..#.#....P..##
#..##.#..P.÷## ###
##
##......####.#P.#P.P
............@l......
............lF......
......#####......#..
.....# #.#.......
..... ..........
..... ...........
.... .......#..#
........P.##


You could see a komodo dragon, a cane toad and a basilisk.


Message History

You barely miss the black bear. You shred the black bear!!!
You kill the black bear!
The black bear bites you but does no damage.
The black bear claws you but does no damage.
The black bear claws you. 😕 HP[-1]
You take 1 damage, and now have 128/132 hp.
You closely miss the black bear. You tail-slap the black bear.
The black bear is poisoned.
The black bear closely misses you. x2
The black bear claws you but does no damage.
You can now pass through a line of other dancers.
The black bear bites you but does no damage.
The black bear misses you.
The black bear claws you but does no damage. 😕 HP[+1]
You closely miss the black bear. The black bear closely misses you.
The black bear barely misses you. x2
Unknown command.
You slice the black bear!!
You kill the black bear!
No target in view!
Unknown command.
You see here a black bear corpse.
No target in view! 😕 HP[+1]
You see here an elf skeleton.
A cane toad comes into view. 😎 HP[+2]
Your hp is fully restored (132).
A cane toad is nearby!
A cane toad is nearby!
A komodo dragon comes into view.
The cane toad croaks.
You hear an angry hiss.
The komodo dragon closely misses you.
The cane toad stings you but does no damage.
You barely miss the komodo dragon. The cane toad barely misses you.
The komodo dragon bites you! 😕 HP[-7]
You take 7 damage, and now have 125/132 hp.
Unknown command.
You barely miss the komodo dragon.
You tail-slap the komodo dragon, but do no damage.
The cane toad stings you! The komodo dragon bites you! 😮 HP[-30]
You take 30 damage, and now have 95/132 hp.
MASSIVE DAMAGE!! (PAUSE)
You are too injured to fight recklessly!
You slash the komodo dragon! The cane toad barely misses you.
A basilisk comes into view.
The komodo dragon bites you but does no damage.
You barely miss the komodo dragon.
The basilisk hisses angrily.
You tail-slap the komodo dragon, but do no damage.
The cane toad stings you but does no damage.
The basilisk gazes at you.
You are slowing down.
You closely miss the komodo dragon.
You tail-slap the komodo dragon, but do no damage.
The komodo dragon bites you but does no damage.
The cane toad stings you but does no damage.
The basilisk gazes at you.
Your limbs have turned to stone.
The komodo dragon bites you! The cane toad closely misses you.
You have turned to stone.
The cane toad stings you but does no damage.
The komodo dragon bites you! The cane toad stings you!
The komodo dragon bites you!
* * * LOW HITPOINT WARNING * * *
The cane toad stings you but does no damage.
The komodo dragon bites you!
* * * LOW HITPOINT WARNING * * *
The cane toad barely misses you.
The basilisk bites you but does no damage.
The komodo dragon bites you!
* * * LOW HITPOINT WARNING * * *
The cane toad stings you!
* * * LOW HITPOINT WARNING * * *
The basilisk hisses menacingly.
The basilisk bites you.
* * * LOW HITPOINT WARNING * * *
The komodo dragon bites you but does no damage.
The cane toad stings you but does no damage.
The basilisk bites you but does no damage.
The cane toad stings you but does no damage.
The komodo dragon bites you!!
* * * LOW HITPOINT WARNING * * *
The basilisk bites you.
* * * LOW HITPOINT WARNING * * *
The cane toad stings you but does no damage.
The komodo dragon bites you!
* * * LOW HITPOINT WARNING * * *
The cane toad stings you!
* * * LOW HITPOINT WARNING * * *
The basilisk gazes at you. You resist with almost no effort.
The komodo dragon bites you!!
* * * LOW HITPOINT WARNING * * *
The cane toad barely misses you. The basilisk bites you!
* * * LOW HITPOINT WARNING * * *
The komodo dragon bites you!!
You die...

Skill      XL: |  1  2  3  4  5  6  7  8  9 10 11 12 13 14 |
---------------+-------------------------------------------+-----
Dodging        | 2 6 |  6.5
Unarmed Combat | 4 5 7 8 10 | 10.0
Shapeshifting  | 4 5 6 8 10 11 12 13 14 | 14.9
Fighting       | 3 6 9 12 13 14 | 14.0
Invocations    | 1 5 8 9 |  9.0

Action                     |  1- 3 |  4- 6 |  7- 9 | 10-12 | 13-15 || total
---------------------------+-------+-------+-------+-------+-------++-------
  Melee: Unarmed           |   116 |   122 |   331 |   518 |   266 ||  1353
         Tailslap          |    14 |    16 |    47 |    86 |    49 ||   212
         Punch             |     2 |     3 |     1 |    16 |    21 ||    43
 Invoke: Stomp             |       |       |     3 |    14 |     6 ||    23
Ability: Breathe Noxious F |       |       |    18 |    18 |     9 ||    45
    Use: Scroll            |       |       |     7 |    11 |       ||    18
         Potion            |       |       |     1 |     1 |     1 ||     3
   Stab: Sleeping          |     1 |       |       |       |       ||     1
         Confused          |       |       |     8 |    12 |     7 ||    27
         Paralysed         |       |       |     9 |    39 |    27 ||    75
         Distracted        |       |       |       |       |     1 ||     1
 Armour: Skin              |    52 |    64 |   233 |   267 |   269 ||   885
  Dodge: Dodged            |    60 |    60 |   193 |   202 |   178 ||   693
  Block: Other             |     9 |    21 |    78 |    84 |    11 ||   203
         Reflection        |       |     1 |     2 |     1 |       ||     4
   Form: Flux              |       |       |     1 |       |       ||     1
         Blade             |       |       |       |     2 |       ||     2
         Anaconda          |       |       |       |     1 |       ||     1

Levels and vault maps discovered:
D:1:      evilmike_arrival_hilbert_curve, layout_basic, minmay_misc_feat_tiny
D:2:      layout_basic, basic_ecumenical_altar, uniq_natasha
D:3:      minmay_skewed_foursquare, layout_loops_cross
D:4:      minmay_diamond_boxcup, layout_loops_corners,
          gammafunk_ghost_nasty_kobolds, minmay_bent
D:5:      layout_rooms, nicolae_overflow_hidden_temple,
          mainiacjoe_overflow_alcove_4, minmay_temple_entry_stoned_glass,
          minmay_misc_feat_cross, nrook_loot_triangle, minmay_misc_feat_five,
          minmay_fractal_squares_diagonal_5
D:6:      layout_loops_ring, nicolae_tso_carved_into_rock,
          cheibrodos_sewer_entry_bend, uniq_eustachio
D:7:      layout_rooms, nicolae_overflow_crystal_walls, grunt_ministairs_6,
          nicolae_shop_vocational
D:8:      layout_basic
D:9:      layout_basic, erik_lair_orcish_takeover, uniq_maggie
D:10:     layout_roguey, lemuel_round_altar, erik_orc_1
D:11:     layout_basic, serial_ice, serial_ice_a, serial_ice_i, serial_ice_m,
          serial_ice_f, serial_ice_h, serial_ice_d, serial_ice_c, serial_shops,
          shop, hellmonk_guarded_unrand_zhor
Temple:   minmay_crystal_spiral_temple
Lair:1:   layout_concentric_octagons, grunt_megastairs_4, lemuel_fruit_fields
Lair:2:   layout_cave_pods, minmay_swamp_entry_reptiles, serial_bayou_shore_a
Lair:3:   gammafunk_mikee_crab_dinner, layout_long_grid,
          nicolae_snake_entry_squirm
Lair:4:   layout_regular_city, gammafunk_ghost_arena
Lair:5:   grunt_lair_end_beastmaster, layout_long_grid,
          dpeg_slime_entry_enclosed, gammafunk_ghost_berserking_beasts,
          chequers_serial_rivers_small_3, lemuel_fruit_fields
Orc:1:    layout_caves

Notes
Turn   | Place    | Note
-------+----------+-------------------------------------------
     0 | D:1      | ytrimaz the Draconian Shapeshifter began the quest for the
                  | Orb.
     0 | D:1      | Reached XP level 1. HP: 16/16 MP: 1/1
     0 | D:1      | magus.rc [v1.9.6]
   110 | D:1      | Reached skill level 2 in Dodging
   126 | D:1      | Reached XP level 2. HP: 10/23 MP: 2/2
   920 | D:2      | Reached XP level 3. HP: 28/28 MP: 3/3
   924 | D:2      | Noticed Natasha
   930 | D:2      | Killed Natasha
   987 | D:2      | Found a faded altar of an unknown god.
  1277 | D:2      | Noticed Natasha
  1293 | D:2      | Killed Natasha
  1294 | D:2      | Reached skill level 4 in Unarmed Combat
  1294 | D:2      | Reached XP level 4. HP: 35/35 MP: 4/4
  1607 | D:2      | Noticed Natasha
  1613 | D:2      | Killed Natasha
  1614 | D:2      | Reached skill level 4 in Shapeshifting
  1805 | D:3      | Reached XP level 5. HP: 40/40 MP: 5/5
  2177 | D:3      | Noticed an ogre
  2185 | D:3      | Killed an ogre
  2186 | D:3      | Reached skill level 5 in Unarmed Combat
  2186 | D:3      | Reached XP level 6. HP: 24/47 MP: 6/6
  2624 | D:4      | Reached skill level 5 in Shapeshifting
  2659 | D:4      | Noticed a water moccasin
  2670 | D:4      | Killed a water moccasin
  2751 | D:4      | Your scales start taking on a lurid green colour.
  2751 | D:4      | Reached XP level 7. HP: 49/52 MP: 7/7
  2751 | D:4      | Gained mutation: Your system is resistant to poisons.
                  | (rPois) [Green Draconian growth]
  2780 | D:4      | Reached skill level 6 in Unarmed Combat
  3197 | D:4      | Reached skill level 6 in Shapeshifting
  3610 | D:4      | Found a runed translucent gate.
  3611 | D:4      | Found a runed translucent gate.
  3612 | D:4      | Found a runed translucent gate.
  3614 | D:4      | Noticed Age's ghost (weakling MiFi)
  3719 | D:4      | You pick up a book of Sloth and begin reading...
  3719 | D:4      | You add the spells Frozen Ramparts, Petrify and Metabolic
                  | Englaciation to your library.
  3770 | D:4      | Reached skill level 7 in Unarmed Combat
  3770 | D:4      | Reached XP level 8. HP: 57/59 MP: 8/8
  3978 | D:5      | Entered Level 5 of the Dungeon
  4123 | D:5      | Reached skill level 7 in Shapeshifting
  4238 | D:5      | Identified the +5 sling of Goke {drain, Int+2}
  4398 | D:5      | Found a staircase to the Ecumenical Temple.
  4424 | D:5      | Reached skill level 8 in Unarmed Combat
  4472 | D:5      | Found a broken altar of Ashenzari.
  4526 | D:5      | Found an ornate altar of the Wu Jian Council.
  4923 | Temple   | Entered the Ecumenical Temple
  4954 | Temple   | Became a worshipper of Uskayaw the Reveller
  5032 | D:6      | Reached * piety under Uskayaw
  5065 | D:6      | Reached ** piety under Uskayaw
  5152 | D:6      | You pick up a book of Storms and begin reading...
  5152 | D:6      | You add the spells Static Discharge, Airstrike and Summon
                  | Lightning Spire to your library.
  5206 | D:6      | Found a glowing drain.
  5233 | Sewer    | Entered a sewer
  5262 | Sewer    | Noticed Pargi
  5267 | Sewer    | Killed Pargi
  5479 | D:6      | Noticed Eustachio
  5496 | D:6      | Killed Eustachio
  5497 | D:6      | Reached skill level 8 in Shapeshifting
  5508 | D:6      | You add the spells Vhi's Electric Charge, Arcjolt and
                  | Maxwell's Capacitive Coupling to your library.
  5523 | D:6      | Found a glowing golden altar of the Shining One.
  5563 | D:6      | Reached XP level 9. HP: 62/64 MP: 9/9
  5575 | D:6      | Reached *** piety under Uskayaw
  5576 | D:6      | Reached skill level 9 in Unarmed Combat
  5576 | D:6      | Reached **** piety under Uskayaw
  5640 | D:6      | You pick up a book of Lightning and begin reading...
  6104 | D:7      | Found Berchuss's Vocational Training.
  6126 | D:7      | Reached skill level 9 in Shapeshifting
  6129 | D:7      | Reached ***** piety under Uskayaw
  6275 | D:7      | Reached skill level 10 in Unarmed Combat
  6490 | D:7      | Found an opulent altar of Gozag.
  6518 | D:7      | Reached skill level 2 in Fighting
  6810 | D:8      | Reached skill level 3 in Fighting
  6810 | D:8      | Reached skill level 1 in Invocations
  6813 | D:8      | Reached skill level 10 in Shapeshifting
  6813 | D:8      | Reached XP level 10. HP: 71/77 MP: 10/10
  7118 | D:8      | Reached skill level 2 in Invocations
  7704 | D:9      | Found a staircase to the Lair.
  7708 | D:9      | Reached skill level 4 in Fighting
  7733 | D:9      | Reached skill level 3 in Invocations
  7905 | D:9      | Reached skill level 5 in Fighting
  7905 | D:9      | Reached skill level 4 in Invocations
  7957 | D:9      | Noticed a two-headed ogre
  7966 | D:9      | Killed a two-headed ogre
  7993 | D:9      | You pick up a book of Spectacle and begin reading...
  7993 | D:9      | You add the spells Volatile Blastmotes, Dazzling Flash and
                  | Starburst to your library.
  8029 | D:9      | Noticed Maggie
  8030 | D:9      | Noticed a two-headed ogre
  8043 | D:9      | Killed a two-headed ogre
  8044 | D:9      | Reached skill level 6 in Fighting
  8044 | D:9      | Reached skill level 5 in Invocations
  8050 | D:9      | Killed Maggie
  8051 | D:9      | Reached skill level 11 in Shapeshifting
  8372 | D:9      | You pick up a book of the Warp and begin reading...
  8372 | D:9      | You add the spells Manifold Assault, Dispersal and
                  | Disjunction to your library.
  9016 | Lair:1   | Entered Level 1 of the Lair of Beasts
  9043 | D:10     | Entered Level 10 of the Dungeon
  9056 | D:10     | Reached XP level 11. HP: 82/91 MP: 15/15
  9157 | D:10     | Found a staircase to the Orcish Mines.
  9271 | D:10     | Reached skill level 6 in Invocations
  9284 | D:10     | Reached skill level 7 in Fighting
  9360 | D:10     | Found a glowing silver altar of Zin.
  9559 | D:10     | You pick up a book of the Hunter and begin reading...
  9559 | D:10     | You add the spells Sigil of Binding, Call Canine Familiar,
                  | Dimensional Bullseye and Leda's Liquefaction to your
                  | library.
  9560 | D:10     | Noticed a two-headed ogre
  9570 | D:10     | Killed a two-headed ogre
 10048 | Orc:1    | Entered Level 1 of the Orcish Mines
 10048 | Orc:1    | Noticed a two-headed ogre
 10048 | Orc:1    | Noticed an orc sorcerer
 10120 | Lair:1   | You pick up a book of Geomancy and begin reading...
 10120 | Lair:1   | You add the spells Sandblast, Passwall and Stone Arrow to
                  | your library.
 10124 | Lair:1   | Noticed a death yak
 10124 | Lair:1   | Noticed a death yak
 10125 | Lair:1   | Noticed a death yak
 10125 | Lair:1   | Noticed a death yak
 10138 | Lair:1   | Killed a death yak
 10144 | Lair:1   | Killed a death yak
 10145 | Lair:1   | Reached skill level 7 in Invocations
 10151 | Lair:1   | Killed a death yak
 10152 | Lair:1   | Reached skill level 8 in Fighting
 10155 | Lair:1   | Killed a death yak
 10357 | Lair:1   | Noticed a boulder beetle
 10378 | Lair:1   | Killed a boulder beetle
 10379 | Lair:1   | Reached skill level 8 in Invocations
 10429 | Lair:1   | Reached skill level 12 in Shapeshifting
 10479 | Lair:1   | Reached skill level 9 in Fighting
 10577 | Lair:1   | You pick up a book of the Wilderness and begin reading...
 10577 | Lair:1   | You add the spells Summon Forest, Summon Mana Viper and
                  | Summon Cactus Giant to your library.
 11134 | Lair:1   | Identified the amulet "Ysoe" {Faith rF+}
 11330 | Lair:2   | Reached XP level 12. HP: 104/104 MP: 18/18
 11490 | Lair:2   | Reached skill level 9 in Invocations
 11733 | Lair:2   | Reached skill level 10 in Fighting
 11744 | Lair:2   | Reached ****** piety under Uskayaw
 12190 | Lair:2   | Reached skill level 13 in Shapeshifting
 12198 | Lair:2   | Reached skill level 11 in Fighting
 12589 | Lair:2   | Found a staircase to the Swamp.
 13268 | Lair:3   | Reached skill level 12 in Fighting
 13644 | Lair:3   | Reached XP level 13. HP: 100/118 MP: 19/19
 13899 | Lair:3   | Found a runed translucent door.
 14071 | Lair:3   | Found a staircase to the Snake Pit.
 14193 | Lair:3   | Reached skill level 3 in Dodging
 14325 | Lair:3   | Reached skill level 14 in Shapeshifting
 14332 | Lair:3   | HP: 15/119 [something] (19)]
 14340 | Lair:3   | HP: 5/119 [fire crab] (13)]
 15167 | Lair:3   | Reached skill level 4 in Dodging
 15424 | Lair:3   | Reached skill level 13 in Fighting
 15435 | Lair:3   | Identified the staff of Twilight {rElec Int+4 Air}
 15437 | Lair:3   | You pick up a book of the Earth and begin reading...
 15437 | Lair:3   | You add the spells Lee's Rapid Deconstruction and Leda's
                  | Unmaking to your library.
 15787 | Lair:4   | You pick up a book of Conjurations and begin reading...
 15787 | Lair:4   | You add the spells Magic Dart, Searing Ray and Fulminant
                  | Prism to your library.
 15830 | Lair:4   | Found a transporter.
 15858 | Lair:4   | Reached skill level 5 in Dodging
 16189 | Lair:4   | Noticed snackwell's ghost (journeyman DrSh)
 16546 | Lair:4   | Found a transporter.
 17149 | Lair:5   | Entered Level 5 of the Lair of Beasts
 17416 | Lair:5   | Reached skill level 6 in Dodging
 17458 | Lair:5   | Found a transporter.
 17516 | Lair:5   | Gained mutation: Your tail ends in a venomous barb. [Green
                  | Draconian growth]
 17516 | Lair:5   | Reached XP level 14. HP: 36/130 MP: 8/20
 17894 | Lair:5   | Reached skill level 14 in Fighting
 18117 | Lair:5   | HP: 28/132 [komodo dragon (7)]
 18119 | Lair:5   | HP: 10/132 [basilisk (4)]
 18119 | Lair:5   | Slain by a komodo dragon

Vanquished Creatures
  3 entropy weavers (Lair:3)
  2 hydras (Lair:5)
  2 ghost crabs (Lair:3)
  A boulder beetle (Lair:1)
  3 two-headed ogres
  7 death yaks
  2 skysharks
  6 fire crabs (Lair:3)
  A black mamba (Lair:4)
  An apocalypse crab (Lair:3)
  16 elephants
  A torpor snail (Lair:4)
  13 cane toads
  Maggie (D:9)
  6 rime drakes
  4 komodo dragons
  10 blink frogs
  10 dream sheep
  2 wyverns
  A wraith (D:10)
  A basilisk (Lair:2)
  Eustachio (D:6)
  41 yaks
  2 wargs (D:9)
  3 nagas (Lair:3)
  18 water moccasins
  4 orc warriors
  2 swamp drakes
  Pargi (Sewer)
  5 black bears
  An ice beast (D:7)
  14 wolves
  4 ogres
  3 phantoms
  3 centaurs
  2 kobold brigands
  10 bullfrogs
  5 scorpions
  12 wights
  6 killer bees (D:7)
  An electric eel (Lair:2)
  7 howler monkeys
  5 jellies
  5 hounds
  5 orc priests
  3 sleepcaps
  6 iguanas
  14 orc wizards
  Natasha (thrice) (D:2)
  11 adders
  A white imp (D:5)
  3 ufetubi
  3 worms
  3 dart slugs
  30 orcs
  6 endoplasms
  4 giant cockroaches
  8 goblins
  11 hobgoblins
  2 jackals (D:1)
  3 quokkas
  4 ball pythons
  3 bats
  5 frilled lizards
  27 kobolds
  7 rats
  A butterfly (Lair:5)
411 creatures vanquished.

Table legend:
 A = Non-vault XP
 B = Vault XP
 C = Vault XP percentage of total XP
 D = Non-vault monster count
 E = Vault monster count
 F = Vault count percentage of total count
                 A         B        C        D         E       F
            +---------+---------+-------+---------+---------+-------
      Total |   52792 |   14510 |  21.6 |     316 |      94 |  22.9
            +---------+---------+-------+---------+---------+-------
        D:1 |      38 |       0 |   0.0 |      24 |       0 |   0.0
        D:2 |      96 |      36 |  27.3 |      15 |       1 |   6.2
        D:3 |     247 |      24 |   8.9 |      16 |       7 |  30.4
        D:4 |     671 |     361 |  35.0 |      12 |      16 |  57.1
        D:5 |     416 |     223 |  34.9 |      14 |       9 |  39.1
        D:6 |     942 |     201 |  17.6 |      19 |       2 |   9.5
        D:7 |    1537 |     234 |  13.2 |      26 |       2 |   7.1
        D:8 |    1172 |       0 |   0.0 |      18 |       0 |   0.0
        D:9 |    3375 |    1025 |  23.3 |      23 |      10 |  30.3
       D:10 |    2349 |     580 |  19.8 |      14 |      17 |  54.8
       D:11 |      54 |       0 |   0.0 |       1 |       0 |   0.0
     Lair:1 |    6589 |    1294 |  16.4 |      16 |       4 |  20.0
     Lair:2 |   10106 |     282 |   2.7 |      32 |       4 |  11.1
     Lair:3 |    7802 |    9853 |  55.8 |      37 |      15 |  28.8
     Lair:4 |    7551 |       0 |   0.0 |      26 |       0 |   0.0
     Lair:5 |    9847 |     264 |   2.6 |      23 |       2 |   8.0
      Sewer |       0 |     133 | 100.0 |       0 |       5 | 100.0
            +---------+---------+-------+---------+---------+-------

Skill      XL: |  1  2  3  4  5  6  7  8  9 10 11 12 13 14 |
---------------+-------------------------------------------+-----
Dodging        | 2 6 |  6.5
Unarmed Combat | 4 5 7 8 10 | 10.0
Shapeshifting  | 4 5 6 8 10 11 12 13 14 | 14.9
Fighting       | 3 6 9 12 13 14 | 14.0
Invocations    | 1 5 8 9 |  9.0

Action                     |  1- 3 |  4- 6 |  7- 9 | 10-12 | 13-15 || total
---------------------------+-------+-------+-------+-------+-------++-------
  Melee: Unarmed           |   116 |   122 |   331 |   518 |   266 ||  1353
         Tailslap          |    14 |    16 |    47 |    86 |    49 ||   212
         Punch             |     2 |     3 |     1 |    16 |    21 ||    43
 Invoke: Stomp             |       |       |     3 |    14 |     6 ||    23
Ability: Breathe Noxious F |       |       |    18 |    18 |     9 ||    45
    Use: Scroll            |       |       |     7 |    11 |       ||    18
         Potion            |       |       |     1 |     1 |     1 ||     3
   Stab: Sleeping          |     1 |       |       |       |       ||     1
         Confused          |       |       |     8 |    12 |     7 ||    27
         Paralysed         |       |       |     9 |    39 |    27 ||    75
         Distracted        |       |       |       |       |     1 ||     1
 Armour: Skin              |    52 |    64 |   233 |   267 |   269 ||   885
  Dodge: Dodged            |    60 |    60 |   193 |   202 |   178 ||   693
  Block: Other             |     9 |    21 |    78 |    84 |    11 ||   203
         Reflection        |       |     1 |     2 |     1 |       ||     4
   Form: Flux              |       |       |     1 |       |       ||     1
         Blade             |       |       |       |     2 |       ||     2
         Anaconda          |       |       |       |     1 |       ||     1

Illustrated notes

Table legend:
 A = Kills in this place as a percentage of kills in the entire game.
 B = Kills by you in this place as a percentage of kills by you in the entire game.
 C = Kills by friends in this place as a percentage of kills by friends in the entire game.
 D = Other kills in this place as a percentage of other kills in the entire game.
 E = Experience gained in this place as a percentage of experience gained in the entire game.
 F = Experience gained in this place divided by the number of levels of this place that you have seen.
                   A       B       C       D       E      F
               +-------+-------+-------+-------+-------+----------------------
         Total | 100.0 | 100.0 |   N/A | 100.0 | 100.0 | 3542.2
       Dungeon |  60.0 |  59.0 |   N/A | 100.0 |  20.2 | 1234.6
          Lair |  38.8 |  39.8 |   N/A |   0.0 |  79.6 | 10717.6
         Sewer |   1.2 |   1.2 |   N/A |   0.0 |   0.2 | 133.0
               +-------+-------+-------+-------+-------+----------------------

Table legend: (Time is in decaauts)
 A = Elapsed time spent in this place.
 B = Non-inter-level travel time spent in this place.
 C = Inter-level travel time spent in this place.
 D = Time resting spent in this place.
 E = Time spent auto-exploring this place.
 F = Levels seen in this place.
 G = Mean time per level.
                   A        B        C        D        E       F      G
               +--------+--------+--------+--------+--------+-----+--------+
         Total |  17905 |  16993 |    912 |   1153 |  12965 |  19 |  942.4 |
       Dungeon |   9775 |   9123 |    652 |    100 |   7344 |  11 |  888.6 |
        Temple |     62 |      2 |     60 |      0 |      0 |   1 |   62.0 |
          Lair |   7928 |   7729 |    199 |   1053 |   5528 |   5 | 1585.6 |
  Orcish Mines |      1 |      1 |      0 |      0 |      0 |   1 |    1.0 |
         Sewer |    137 |    137 |      0 |      0 |     93 |   1 |  137.0 |
               +--------+--------+--------+--------+--------+-----+--------+

Top non-repeatable levels by time:
  Lair:3: 2638 daAuts
  Lair:2: 1706 daAuts
  Lair:4: 1454 daAuts
     D:9: 1385 daAuts
     D:4: 1355 daAuts
  Lair:1: 1173 daAuts
    D:10: 1016 daAuts
     D:5: 979 daAuts
  Lair:5: 956 daAuts
     D:8: 937 daAuts
     D:3: 928 daAuts
     D:6: 880 daAuts
     D:1: 874 daAuts
     D:2: 807 daAuts
     D:7: 603 daAuts
